 Dungeon Crawl Stone Soup version 0.26-a0-23-g3ae7099 (webtiles) character file.

Game seed: 12390360016932847007, levelgen mode: deterministic

613116 Faca the Slayer (level 27, -41/260 HPs)
             Began as a Ghoul Fighter on May 26, 2020.
             Was the Champion of Yredelemnul.
             Killed from afar by an ancient lich (119 damage)
             ... with a crystal spear
             ... on level 5 of the Realm of Zot.
             The game lasted 02:11:12 (71282 turns).

Faca the Slayer (Ghoul Fighter)                    Turns: 71282, Time: 02:11:13

Health: -41/260    AC: 47    Str: 36 (37) XL:     27
Magic:  19/33      EV: 12    Int: 14      God:    Yredelemnul [******]
Gold:   5359       SH: 33    Dex: 15 (16) Spells: 26/26 levels left

rFire    + . .     SeeInvis .     - Unarmed
rCold    + + .     Gourm    .   S - +3 tower shield {AC+3}
rNeg     + + +     Faith    .   y - +7 gold dragon scales
rPois    ∞         Spirit   .   U - +1 helmet {Int+3}
rElec    +         Reflect  +   s - +2 cloak "Awummiewn" {rPois Dex+4 Slay+2}
rCorr    .         Harm     .   f - +3 pair of gauntlets of War {Slay+5}
MR       ++++.                  q - +2 pair of boots {run}
Stlth    ..........             z - amulet of reflection
HPRegen  0.00/turn              h - ring "Gunil" {*Drain rN+ Str+10 Int+6 Dex+2}
MPRegen  0.23/turn              H - ring of Grace {Wiz rElec MR++ Str-4 Int+2}

@: rotting, quick
A: rotting body, claws 1, carnivore, cold resistance 1, negative energy
resistance 3, inhibited regeneration, torment resistance, unbreathing
}: 3/15 runes: serpentine, barnacled, silver
a: Recall Undead Slaves, Injury Mirror, Animate Dead, Drain Life, Enslave Soul,
Renounce Religion


You were on level 5 of the Realm of Zot.
You worshipped Yredelemnul.
Yredelemnul was exalted by your worship.
You were not hungry.

You visited 10 branches of the dungeon, and saw 50 of its levels.
You also visited: Gauntlet, Ice Cave, Volcano and Wizlab.

You collected 11035 gold pieces.
You spent 5676 gold pieces at shops.

Inventory:

Missiles
 i - 134 boomerangs (quivered)
 I - 51 silver javelins
 J - 17 throwing nets
 R - 48 javelins
Armour
 f - the +3 pair of gauntlets of War (worn) {Slay+5}
   (You found it in a Gauntlet)

   It affects your accuracy and damage with ranged weapons and melee attacks
   (+5).
 q - a +2 pair of boots of running (worn)
 s - the +2 cloak "Awummiewn" (worn) {rPois Dex+4 Slay+2}
   (You acquired it on level 2 of the Vaults)

   It affects your dexterity (+4).
   It affects your accuracy and damage with ranged weapons and melee attacks
   (+2).
   It protects you from poison.
 t - the +15 Maxwell's patent armour {-Cast -Tele rElec MR+ rCorr}
   (You found it on level 3 of the Elven Halls)

   It insulates you from electricity.
   It affects your resistance to hostile enchantments.
   It prevents spellcasting.
   It prevents most forms of teleportation.
   It provides partial protection from all sources of acid and corrosion.
 y - +7 gold dragon scales (worn)
 S - a +3 tower shield of protection (worn)
 U - a +1 helmet of intelligence (worn)
Jewellery
 h - the ring "Gunil" (left hand) {*Drain rN+ Str+10 Int+6 Dex+2}
   (You bought it in a shop on level 3 of the Snake Pit)

   [ring of intelligence]

   It affects your strength (+10).
   It affects your intelligence (+6).
   It affects your dexterity (+2).
   It protects you from negative energy.
   It causes draining when unequipped.
 l - the amulet "Icor" {Spirit rF+ Dex+4 SInv}
   (You acquired it on level 6 of the Lair of Beasts)

   [amulet of guardian spirit]

   It causes incoming damage to be split between your health and magic.
   It affects your dexterity (+4).
   It protects you from fire.
   It lets you see invisible.
 x - the ring of Acween {rPois rF+ SInv}
   (You bought it in a shop on level 4 of the Depths)

   [ring of protection from fire]

   It protects you from fire.
   It protects you from poison.
   It lets you see invisible.
 z - an amulet of reflection (around neck)
 B - an uncursed ring of resist corrosion
 H - the ring of Grace (right hand) {Wiz rElec MR++ Str-4 Int+2}
   (You found it on level 6 of the Lair of Beasts)

   [ring of wizardry]

   It improves your spell success rate.
   It affects your strength (-4).
   It affects your intelligence (+2).
   It insulates you from electricity.
   It affects your resistance to hostile enchantments.
Wands
 N - a wand of digging (6)
Scrolls
 a - 23 scrolls of identify
 b - 3 scrolls of magic mapping
 e - a scroll of blinking
 g - 9 scrolls of immolation
 k - 25 scrolls of teleportation
 o - 4 scrolls of silence
 p - 32 scrolls of remove curse
 r - 7 scrolls of enchant weapon
 u - 5 scrolls of fear
 A - 2 scrolls of torment
 E - 6 scrolls of fog
 G - a scroll of brand weapon
Potions
 c - 8 potions of heal wounds
 j - 15 potions of curing
 m - 9 potions of haste
 n - 14 potions of flight
 v - 2 potions of invisibility
 w - 6 potions of cancellation
 D - 8 potions of resistance
 L - 8 potions of might
 O - 3 potions of ambrosia
Comestibles
 d - 92 rations


   Skills:
 + Level 23.8 Fighting
 - Level 8.4 Throwing
 + Level 19.2 Armour
 - Level 10.0 Dodging
 + Level 19.2 Shields
 + Level 23.7 Unarmed Combat
 - Level 15.0 Invocations


You had 26 spell levels left.
You didn't know any spells.
Your spell library contained the following spells:

 Spells                   Type           Power        Failure   Level  Hunger
 Animate Skeleton         Necr           N/A          85%         1    ##.....
 Apportation              Tloc           #.....       85%         1    ##.....
 Corona                   Hex            #......      85%         1    ##.....
 Foxfire                  Conj/Fire      #...         85%         1    ##.....
 Freeze                   Ice            #...         85%         1    ##.....
 Infusion                 Chrm           #...         85%         1    ##.....
 Magic Dart               Conj           #...         85%         1    ##.....
 Sandblast                Erth           #.....       85%         1    ##.....
 Shock                    Conj/Air       #...         85%         1    ##.....
 Sting                    Tmut/Pois      #...         85%         1    ##.....
 Summon Butterflies       Summ           #.......     85%         1    ##.....
 Summon Small Mammal      Summ           #...         85%         1    ##.....
 Corpse Rot               Necr/Air       N/A          92%         2    ###....
 Ensorcelled Hibernation  Hex/Ice        #.....       92%         2    ###....
 Passwall                 Tmut/Erth      #.......     92%         2    ###....
 Poisonous Vapours        Pois/Air       #.....       92%         2    ###....
 Searing Ray              Conj           #.....       92%         2    ###....
 Shroud of Golubria       Chrm/Tloc      #.....       92%         2    ###....
 Slow                     Hex            #.......     92%         2    ###....
 Song of Slaying          Chrm           #.......     92%         2    ###....
 Sticks to Snakes         Tmut           #.......     92%         2    ###....
 Swiftness                Chrm/Air       #.......     92%         2    ###....
 Call Canine Familiar     Summ           #.......     99%         3    ####...
 Confusing Touch          Hex            #.......     99%         3    ####...
 Conjure Flame            Conj/Fire      #.......     99%         3    ####...
 Dazzling Flash           Conj/Hex       #.....       99%         3    ####...
 Frozen Ramparts          Ice            #.....       99%         3    ####...
 Gell's Gravitas          Tloc           #.........   99%         3    ####...
 Ignite Poison            Fire/Tmut/Pois #.......     99%         3    ####...
 Inner Flame              Hex/Fire       #.......     99%         3    ####...
 Lesser Beckoning         Tloc           #.........   99%         3    ####...
 Mephitic Cloud           Conj/Pois/Air  #.......     99%         3    ####...
 Ozocubu's Armour         Chrm/Ice       #.......     99%         3    ####...
 Portal Projectile        Hex/Tloc       #.....       99%         3    ####...
 Recall                   Summ/Tloc      N/A          99%         3    ####...
 Spectral Weapon          Hex/Chrm       #.......     99%         3    ####...
 Static Discharge         Conj/Air       #.......     99%         3    ####...
 Stone Arrow              Conj/Erth      #.....       99%         3    ####...
 Tukima's Dance           Hex            #.......     99%         3    ####...
 Airstrike                Air            #.........   100%        4    #####..
 Cause Fear               Hex            #.........   100%        4    #####..
 Dispel Undead            Necr           #.......     100%        4    #####..
 Fulminant Prism          Conj/Hex       #.........   100%        4    #####..
 Hailstorm                Conj/Ice       #.......     100%        4    #####..
 Iskenderun's Mystic Bla  Conj/Tloc      #.......     100%        4    #####..
 Leda's Liquefaction      Hex/Erth       #.........   100%        4    #####..
 Olgreb's Toxic Radiance  Pois           #.......     100%        4    #####..
 Passage of Golubria      Tloc           N/A          100%        4    #####..
 Petrify                  Tmut/Erth      #.......     100%        4    #####..
 Sticky Flame             Conj/Fire      #.......     100%        4    #####..
 Summon Ice Beast         Ice/Summ       #.......     100%        4    #####..
 Summon Lightning Spire   Summ/Air       #.......     100%        4    #####..
 Alistair's Intoxication  Tmut/Pois      #.......     100%        5    ######.
 Aura of Abjuration       Summ           #.........   100%        5    ######.
 Bolt of Magma            Conj/Fire/Erth #.........   100%        5    ######.
 Borgnjor's Vile Clutch   Necr/Erth      #.........   100%        5    ######.
 Excruciating Wounds      Chrm/Necr      #.........   100%        5    ######.
 Fireball                 Conj/Fire      #.........   100%        5    ######.
 Irradiate                Conj/Tmut      #.........   100%        5    ######.
 Lee's Rapid Deconstruct  Erth           #.........   100%        5    ######.
 Lightning Bolt           Conj/Air       #.........   100%        5    ######.
 Metabolic Englaciation   Hex/Ice        #.........   100%        5    ######.
 Silence                  Hex/Air        #.........   100%        5    ######.
 Summon Demon             Summ           #.........   100%        5    ######.
 Summon Forest            Summ/Tloc      #.........   100%        5    ######.
 Summon Mana Viper        Hex/Summ       #.......     100%        5    ######.
 Yara's Violent Unravell  Hex/Tmut       #.........   100%        5    ######.
 Conjure Ball Lightning   Conj/Air       #.........   100%        6    #######
 Darkness                 Hex            #.........   100%        6    #######
 Death Channel            Necr           #.........   100%        6    #######
 Dispersal                Tloc           #.........   100%        6    #######
 Eringya's Noxious Bog    Tmut/Pois      #.........   100%        6    #######
 Freezing Cloud           Conj/Ice/Air   #.........   100%        6    #######
 Invisibility             Hex            #.......     100%        6    #######
 Ozocubu's Refrigeration  Ice            #.........   100%        6    #######
 Shadow Creatures         Summ           N/A          100%        6    #######
 Simulacrum               Ice/Necr       #.........   100%        6    #######
 Starburst                Conj/Fire      #.........   100%        6    #######
 Orb of Destruction       Conj           #.........   100%        7    #######
 Ring of Flames           Chrm/Fire      #.........   100%        7    #######
 Summon Hydra             Summ           #.........   100%        7    #######
 Chain Lightning          Conj/Air       #.........   100%        8    #######
 Controlled Blink         Tloc           N/A          100%        8    #######
 Discord                  Hex            #.........   100%        8    #######
 Disjunction              Tloc           #.........   100%        8    #######
 Ignition                 Fire           #.........   100%        8    #######
 Lehudib's Crystal Spear  Conj/Erth      #.........   100%        8    #######
 Absolute Zero            Ice            #.........   100%        9    #######
 Fire Storm               Conj/Fire      #.........   100%        9    #######
 Tornado                  Air            #.........   100%        9    #######
 Beastly Appendage        Tmut           Unusable     N/A         1    N/A
 Sublimation of Blood     Necr           Unusable     N/A         2    N/A
 Spider Form              Tmut/Pois      Unusable     N/A         3    N/A
 Ice Form                 Ice/Tmut       Unusable     N/A         4    N/A
 Blade Hands              Tmut           Unusable     N/A         5    N/A
 Hydra Form               Tmut           Unusable     N/A         6    N/A
 Statue Form              Tmut/Erth      Unusable     N/A         6    N/A
 Dragon Form              Tmut           Unusable     N/A         7    N/A

Dungeon Overview and Level Annotations

Branches:
Dungeon (15/15)            Temple (1/1) D:6            Lair (6/6) D:8
 Shoals (4/4) Lair:3        Snake (4/4) Lair:4        Slime (0/5) Lair:6
    Orc (2/2) D:12            Elf (3/3) Orc:2        Vaults (5/5) D:14
  Crypt (0/3) Vaults:2     Depths (5/5) D:15            Zot (5/5) Depths:5
  IceCv (visited)         Volcano (visited)          WizLab (visited)
Gauntlet (visited)

Altars:
Ashenzari
Cheibriados
Dithmenos
Elyvilon
Fedhas
Gozag
Hepliaklqana
Kikubaaqudgha
Makhleb
Nemelex Xobeh
Okawaru
Qazlal
Ru
Sif Muna
Trog
Uskayaw
Vehumet
Wu Jian
Xom
Yredelemnul
Zin
Beogh
Lugonu

Shops:
D:14 [   Orc:2 (%?!   Elf:1 *:%(   Elf:2 }   Elf:3 !   Shoals:1 [(*((
Shoals:3 [   Snake:1 (   Snake:2 !   Snake:3 =   Vaults:1 [[[   Vaults:3 (
Vaults:4 *   Depths:4 ==}

Portals:
Hell: Depths:1 Depths:2 Depths:3* Depths:4 Depths:5
Abyss: Depths:4 Depths:5
Pandemonium: Depths:3
Ziggurat: Depths:5


Innate Abilities, Weirdness & Mutations

Your body is rotting away.
You thrive on raw meat.
You are immune to poison.
You have sharp fingernails.
You are carnivorous and can eat meat at any time.
Your flesh is cold resistant. (rC+)
You are immune to negative energy. (rN+++)
You do not regenerate when monsters are visible.
You are immune to unholy pain and torment.
You can survive without breathing.


Message History

You feel haunted. You block the Killer Klown's attack.
There is an open door here.
You punch the wraith!
The wraith is heavily damaged.
You are no longer corroded.
You block the ancient lich's attack.
You feel much better. You block the Killer Klown's attack.
You block the ancient lich's attack.
The Killer Klown blinks!
You feel much better. The ancient lich touches you.
The Killer Klown karate-kicks you with a +10 club of flaming!
The Killer Klown burns you.
* * * LOW HITPOINT WARNING * * *
Your bone dragon bites the Orb Guardian!!
Your bone dragon claws the Orb Guardian.
Your bone dragon tramples the Orb Guardian!
The Orb Guardian holds its ground!
The ancient lich points at you and mumbles some strange words.
The crystal spear hits you!!!!
You die...
Yredelemnul claims you as an undead slave.

#.###.......'...###.D).#....#...#
#..##.......###.#.##.#.#....##<##
....##.....##....⌠##.####....###.
.....##...##...#.##...####....##.
##....###'##............###...#..
##...##..p#####..###....###......
.#..##.....##.##...##.....##.....
.#.##.......+.*##W.###..D..##D..#
...##.......#.LL@p.# #......#...#
...##.......'.X##### ####........
....##.....##D#### ###⌠...#....
#.....#...###'#§.#####.....####..
.....########X§§§#.........#..D..
....## ###..§§§§##......###..###
...## #....§§§§§§....#####n.#
#.## #..§.§#§§§D..####.#..## .#
##.§###§X§§..#..#....#


You could see an orb of fire, a Killer Klown, 2 ancient liches, an Orb Guardian,
a phantasmal warrior (summoned) and a friendly bone dragon.

Vanquished Creatures
  2 orbs of fire
  2 ancient liches
  Sojobo (Vaults:4)
  Saint Roka (Depths:3)
  Boris (twice) (Vaults:3 Depths:4)
  Vashnia (Snake:4)
  A curse toe (Zot:4)
  5 golden dragons
  3 caustic shrikes
  Nikola (Shoals:2)
  A bone dragon (Depths:5)
  2 Tzitzimimeh (Depths:3)
  2 electric golems
  13 tentacled monstrosities
  6 Orb Guardians (Zot:5)
  4 titans
  4 liches
  Asterion (Depths:2)
  7 quicksilver dragons
  A deep elf blademaster (Elf:3)
  A deep elf master archer (Elf:3)
  A sphinx (Depths:5)
  5 draconian monks
  4 death cobs
  15 storm dragons
  5 tengu reavers
  4 shadow dragons
  8 fire giants
  8 nagarajas
  7 draconian knights (Zot:3)
  7 deep elf sorcerers
  A frost giant (shapeshifter) (Vaults:5)
  A ghost moth (Zot:4)
  4 draconian scorchers
  Louise (Elf:1)
  An orc warlord (Orc:2)
  6 draconian stormcallers
  4 frost giants
  2 draconian shifters
  12 vault wardens
  A spriggan defender (Depths:4)
  3 deep elf elementalists
  A war gargoyle (Vaults:5)
  3 draconian annihilators
  6 ironheart preservers
  A juggernaut skeleton (Depths:2)
  22 very ugly things
  16 stone giants
  8 vampire knights
  7 deep elf annihilators
  7 green draconians
  2 deep elf demonologists
  A lorocyproca (Depths:3)
  An entropy weaver (Vaults:1)
  The ghost of YayAnonymity the Basher, a journeyman GrFi of Qazlal (Orc:1)
  11 white draconians
  10 black draconians
  2 spark wasps (Depths:2)
  10 red draconians
  A minotaur (Gauntlet)
  8 purple draconians
  7 yellow draconians
  Snorg (D:12)
  11 ettins
  2 merfolk impalers (Shoals:4)
  A merfolk javelineer (Shoals:4)
  Josephine (Orc:1)
  2 deep elf high priests
  13 fire dragons
  11 ice dragons
  11 yaktaur captains
  10 great orbs of eyes
  26 vault guards
  A monstrous demonspawn (Depths:3)
  3 hydras
  8 rakshasas
  8 centaur warriors
  Erica (D:6)
  3 merfolk avatars
  3 spriggan air magi (Depths:2)
  2 naga warriors
  4 death knights
  4 ogre magi
  5 anacondas
  2 merfolk aquamancers
  A two-headed ogre (shapeshifter) (Depths:2)
  25 two-headed ogres
  6 death yaks (Gauntlet)
  A vampire mage (Depths:4)
  2 deep troll shamans
  25 dancing weapons
  A queen ant (Gauntlet)
  2 deep troll earth magi
  5 tengu warriors
  2 titan zombies
  Urug (D:10)
  11 naga sharpshooters
  3 shock serpents
  2 soul eaters (Depths:4)
  3 orc high priests (Orc:2)
  19 deep elf knights
  2 spriggan berserkers (Depths:4)
  Sonja (D:12)
  2 salamander mystics (Snake:4)
  2 small abominations
  2 iron trolls (Depths:5)
  5 skeletal warriors
  2 shadow wraiths
  5 hell knights
  3 flayed ghosts
  An infernal demonspawn (Depths:3)
  11 deep trolls
  10 sea snakes
  A naga ritualist (Snake:4)
  6 deep elf archers
  5 glowing orange brains
  A harpy (shapeshifter) (Vaults:2)
  7 ironbrand convokers
  A shadow dragon zombie (Depths:4)
  A golden dragon skeleton (Depths:2)
  7 harpies
  2 orange crystal statues
  A wizard (Vaults:3)
  A lindwurm (shapeshifter) (Vaults:3)
  6 necromancers
  Pikel (D:8)
  3 phantasmal warriors
  4 lindwurms
  8 orc knights
  A frost giant zombie (Depths:4)
  5 wolf spiders
  70 deep elf magi
  5 fauns
  10 mana vipers
  5 orc sorcerers
  35 ugly things
  4 salamanders
  5 manticores
  16 moths of wrath
  6 merfolk sirens
  5 cyclopes
  2 rust devils
  13 vault sentinels
  A fire giant skeleton (Depths:3)
  3 ice statues (IceCv)
  2 torpor snails
  4 guardian serpents
  3 water nymphs
  A titan simulacrum (Depths:2)
  10 naga magi
  17 black mambas
  6 spiny frogs
  A centaur zombie (D:14)
  A gargoyle (D:12)
  Maggie (D:8)
  A spiny frog (shapeshifter) (Elf:1)
  5 komodo dragons
  2 rime drakes
  An efreet (D:13)
  40 yaktaurs
  9 freezing wraiths
  A human skeleton (Vaults:2)
  A yaktaur skeleton (Vaults:2)
  13 merfolk
  7 trolls
  A red devil (Depths:3)
  2 tengu conjurers
  A troll (shapeshifter) (Depths:2)
  A jumping spider (shapeshifter) (Depths:2)
  A hornet (shapeshifter) (Vaults:3)
  7 wind drakes
  6 polar bears (Lair:6)
  3 hornets
  14 slime creatures
  A raiju (Gauntlet)
  2 snapping turtles
  An iron dragon simulacrum (Depths:3)
  A sphinx simulacrum (Depths:2)
  A meliai zombie (D:12)
  10 blink frogs
  An elf skeleton (Depths:2)
  10 hippogriffs
  A spriggan skeleton (Depths:1)
  13 water elementals
  2 air elementals (Elf:2)
  3 vampires
  A redback (Vaults:1)
  A redback (shapeshifter) (Vaults:5)
  20 yaks
  A spriggan (Depths:4)
  5 wraiths
  7 wyverns
  A spriggan simulacrum (Depths:2)
  Eustachio (D:4)
  A yaktaur simulacrum (Vaults:1)
  8 humans (D:14)
  2 fire bats (Volcano)
  Edmund (D:3)
  An elf simulacrum (Depths:2)
  5 steam dragons
  15 wargs
  14 nagas
  4 soldier ants (Gauntlet)
  An acid dragon (D:13)
  7 water moccasins
  11 hell hounds
  3 porcupines
  10 ice beasts
  An ice beast (shapeshifter) (Vaults:4)
  45 orc warriors
  4 sky beasts
  8 black bears
  A black bear (shapeshifter) (Vaults:3)
  28 ogres
  An eye of draining (D:10)
  A necrophage (D:13)
  3 phantoms
  14 wolves
  An eye of draining (shapeshifter) (Vaults:2)
  17 centaurs
  7 boggarts (Vaults:3)
  5 big kobolds
  4 crocodiles
  10 bullfrogs
  3 earth elementals
  2 wyvern skeletons
  3 scorpions
  19 killer bees
  An electric eel (D:11)
  10 wights
  10 howler monkeys
  5 crimson imps
  A human simulacrum (Vaults:2)
  2 quasits
  4 hounds
  Crazy Yiuf (D:6)
  35 orc priests
  2 bullfrog skeletons
  5 centaur skeletons
  8 jellies
  6 iguanas
  19 orc wizards
  13 worker ants
  A killer bee zombie (D:10)
  A hound zombie (D:9)
  7 gnolls
  A howler monkey skeleton (D:7)
  19 adders
  2 shadow imps
  3 white imps (Lair:5)
  4 oozes
  An adder skeleton (D:6)
  2 worms (D:3)
  A dart slug (D:1)
  3 leopard geckos
  82 orcs
  3 bats (D:3)
  7 giant cockroaches
  8 goblins
  9 hobgoblins
  4 jackals (D:7)
  5 quokkas
  3 ball pythons
  5 frilled lizards (D:2)
  42 kobolds
  4 rats
  A crawling corpse (Vaults:5)
  2 plants
  A tentacle (Shoals:3)
1663 creatures vanquished.

Vanquished Creatures (collateral kills)
  Xtahua (Depths:5)
  2 caustic shrikes (Depths:5)
  2 golden dragons
  An electric golem (Zot:2)
  2 liches
  5 tentacled monstrosities
  Rupert (D:14)
  3 Orb Guardians (Zot:5)
  A deep elf master archer (Elf:3)
  3 death cobs
  A quicksilver dragon (Zot:3)
  3 titans (Vaults:5)
  A kraken (Shoals:3)
  2 sphinxes (Vaults:5)
  2 storm dragons
  5 tengu reavers
  7 shadow dragons
  2 fire giants
  7 nagarajas
  3 frost giants
  3 draconian knights
  7 deep elf sorcerers
  A draconian scorcher (Zot:2)
  4 vault wardens
  A draconian shifter (Zot:2)
  A draconian stormcaller (Zot:2)
  4 very ugly things
  A caustic shrike skeleton (Depths:3)
  A draconian annihilator (Zot:5)
  2 ironheart preservers
  4 green draconians
  8 stone giants
  2 vampire knights
  5 deep elf demonologists
  3 black draconians
  A spark wasp (Depths:2)
  A yellow draconian (Zot:1)
  3 deep elf annihilators
  3 red draconians
  3 purple draconians (Zot:2)
  5 white draconians
  7 ettins
  2 deep elf death magi
  4 merfolk impalers
  3 deep elf high priests
  4 fire dragons
  4 merfolk javelineers
  5 yaktaur captains
  8 ice dragons
  14 vault guards
  3 rakshasas
  12 naga warriors
  Harold (Orc:1)
  11 anacondas
  2 spriggan air magi
  A hydra (shapeshifter) (Depths:4)
  2 hydras
  5 centaur warriors
  4 merfolk avatars
  A merfolk aquamancer (Shoals:2)
  6 two-headed ogres
  3 tengu warriors
  4 deep troll shamans
  3 deep troll earth magi
  2 dancing weapons
  A vampire mage (Depths:4)
  A satyr (Shoals:4)
  6 ogre magi
  3 spriggan berserkers
  9 shock serpents
  9 naga sharpshooters
  3 orc high priests
  2 hell knights
  7 deep elf knights
  A fire crab (Volcano)
  5 salamander mystics (Snake:4)
  2 shadow wraiths
  6 skeletal warriors
  A soul eater (Depths:4)
  A glowing orange brain (Depths:1)
  5 wizards
  10 deep trolls
  2 unseen horrors
  10 sea snakes
  5 flayed ghosts
  A golden dragon zombie (Depths:1)
  4 naga ritualists
  3 deep elf archers
  4 ironbrand convokers
  A swamp dragon (Lair:6)
  A lindwurm (Snake:4)
  A phantasmal warrior (Vaults:4)
  3 orc knights
  2 mana vipers (Snake:4)
  8 harpies
  13 deep elf magi
  A harpy (shapeshifter) (Depths:4)
  3 necromancers
  11 fauns
  29 ugly things
  2 cyclopes
  4 moths of wrath
  4 salamanders
  5 manticores
  2 fire giant skeletons
  7 vault sentinels
  8 merfolk sirens
  Psyche (D:12)
  8 guardian serpents
  An elf zombie (Depths:4)
  2 centaur zombies (D:14)
  A stone giant skeleton (Depths:1)
  A water nymph (shapeshifter) (Depths:4)
  21 black mambas
  11 naga magi
  2 water nymphs (Shoals:2)
  2 spiny frogs
  A spriggan zombie (Depths:2)
  A rime drake (Lair:6)
  5 freezing wraiths
  11 yaktaurs
  A redback zombie (D:14)
  An entropy weaver simulacrum (Vaults:2)
  3 komodo dragons
  A tengu conjurer (Depths:4)
  5 trolls
  25 merfolk
  3 polar bears (Lair:6)
  A jumping spider (Vaults:1)
  2 hippogriffs
  7 snapping turtles
  3 blink frogs (Lair:6)
  A snapping turtle (shapeshifter) (D:15)
  A raiju (Lair:6)
  14 slime creatures
  A hornet (Depths:4)
  A centaur simulacrum (D:15)
  A vampire (Vaults:2)
  A spriggan (shapeshifter) (Depths:4)
  A fire bat (Volcano)
  3 yaks (Lair:4)
  5 wraiths
  5 water elementals
  5 basilisks
  12 humans (D:14)
  A fire elemental (Elf:3)
  18 nagas
  4 wargs
  8 acid dragons
  5 water moccasins
  5 hell hounds (Lair:6)
  5 black bears (Lair:6)
  11 orc warriors
  An ettin simulacrum (Vaults:1)
  An eye of draining (D:13)
  7 ogres
  A boggart (Depths:4)
  14 wolves
  6 crocodiles
  3 centaurs
  3 bullfrogs
  2 earth elementals (Elf:3)
  2 howler monkeys (D:11)
  6 electric eels (Snake:3)
  4 crimson imps
  8 orc wizards
  8 orc priests
  A hound (D:14)
  2 iguanas (Lair:6)
  2 worker ants
  An adder (Lair:4)
  A shadow imp (D:15)
  9 white imps (Lair:5)
  33 orcs
  4 kobolds (D:12)
  A ball python (Lair:4)
  3 crawling corpses (Vaults:5)
  11 fungi
  11 plants
  2 tentacles (Shoals:3)
809 creatures vanquished.

Vanquished Creatures (others)
  2 profane servitors
  4 bone dragons
  A spectral demigod (Vaults:5)
  A ghost moth (Zot:3)
  11 ghouls
  10 vampire knights
  A white draconian (Zot:4)
  A yellow draconian (Zot:4)
  A naga warrior (Snake:4)
  A deep troll shaman (Depths:2)
  A naga sharpshooter (Snake:4)
  7 skeletal warriors
  13 flayed ghosts
  14 phantasmal warriors
  A deep elf mage (Elf:3)
  3 flying skulls
  9 vampires
  4 wraiths
  A naga (Snake:3)
  3 wights
  A crimson imp (D:7)
  A shadow imp (D:11)
  A kobold (D:8)
  7 fungi
  23 plants
  A tentacle (Shoals:3)
123 creatures vanquished.

Grand Total: 2595 creatures vanquished

Notes
Turn   | Place    | Note
-------+----------+-------------------------------------------
     0 | D:1      | Faca the Ghoul Fighter began the quest for the Orb.
     0 | D:1      | Reached XP level 1. HP: 19/19 MP: 0/0
   277 | D:1      | Reached XP level 2. HP: 26/26 MP: 1/1
   775 | D:2      | Reached XP level 3. HP: 31/33 MP: 2/2
   970 | D:2      | Reached XP level 4. HP: 41/41 MP: 3/3
  1158 | D:2      | Found a sacrificial altar of Ru.
  1620 | D:3      | Reached XP level 5. HP: 20/47 MP: 4/4
  1975 | D:3      | Reached skill level 5 in Fighting
  2328 | D:3      | Noticed an ogre
  2342 | D:3      | Killed an ogre
  2342 | D:3      | Reached skill level 5 in Unarmed Combat
  2342 | D:3      | Reached XP level 6. HP: 29/57 MP: 5/5
  2526 | D:4      | Noticed Eustachio
  2526 | D:4      | Noticed Edmund
  2543 | D:3      | Killed Edmund
  2621 | D:4      | Killed Eustachio
  2621 | D:4      | Reached XP level 7. HP: 54/64 MP: 6/6
  2661 | D:5      | Entered Level 5 of the Dungeon
  3263 | D:5      | Reached XP level 8. HP: 69/73 MP: 7/7
  3732 | D:5      | Found a snail-covered altar of Cheibriados.
  3733 | D:5      | Found a shimmering altar of Xom.
  4660 | D:6      | Reached XP level 9. HP: 81/83 MP: 8/8
  4926 | D:6      | Found a bloodstained altar of Trog.
  5106 | D:6      | Reached skill level 10 in Fighting
  5154 | D:6      | You fall into a shaft and drop 2 floors!
  5202 | D:7      | Reached skill level 10 in Unarmed Combat
  5496 | D:6      | Found a sparkling altar of Nemelex Xobeh.
  5621 | D:6      | Found a runed translucent door.
  5622 | D:6      | Noticed Crazy Yiuf
  5629 | D:6      | Killed Crazy Yiuf
  5779 | D:6      | Found a staircase to the Ecumenical Temple.
  5790 | Temple   | Entered the Ecumenical Temple
  5968 | Temple   | Became a worshipper of Yredelemnul the Dark
  6208 | D:7      | Found a stormy altar of Qazlal.
  6232 | D:7      | Found a hazy altar of Hepliaklqana.
  6276 | D:7      | Found a glowing silver altar of Zin.
  6592 | D:7      | Reached XP level 10. HP: 93/95 MP: 9/9
  6621 | D:7      | Found a bloodstained altar of Trog.
  6622 | D:7      | Found a shattered altar of Ashenzari.
  6897 | D:8      | Noticed Maggie
  7005 | D:7      | Reached * piety under Yredelemnul
  7358 | D:8      | Killed Maggie
  7803 | D:8      | Noticed Erica
  7909 | D:6      | Killed Erica
  8133 | D:8      | Noticed Pikel
  8150 | D:8      | Killed Pikel
  8469 | D:8      | Found a staircase to the Lair.
  8476 | D:8      | Reached ** piety under Yredelemnul
  8863 | D:9      | Noticed a two-headed ogre
  8876 | D:9      | Killed a two-headed ogre
  8876 | D:9      | Reached XP level 11. HP: 41/104 MP: 10/10
  9496 | D:9      | Reached *** piety under Yredelemnul
  9996 | D:10     | Entered Level 10 of the Dungeon
 10079 | D:10     | Noticed a two-headed ogre
 10080 | D:10     | Reached skill level 5 in Shields
 10417 | D:10     | Killed a two-headed ogre
 10417 | D:10     | Reached skill level 5 in Armour
 10617 | D:10     | Noticed a deep elf mage
 10620 | D:10     | Killed a deep elf mage
 11077 | D:11     | Received a gift from Yredelemnul (a wight)
 11111 | D:11     | Noticed a red ugly thing
 11122 | D:11     | Killed a red ugly thing
 11531 | D:11     | Reached **** piety under Yredelemnul
 11886 | D:11     | Received a gift from Yredelemnul (a wight)
 11911 | D:11     | Noticed Urug
 11915 | D:11     | Reached XP level 12. HP: 84/115 MP: 11/11
 12276 | D:10     | Killed Urug
 12689 | D:11     | Received a gift from Yredelemnul (a wraith)
 13013 | D:12     | Noticed Snorg
 13029 | D:12     | Killed Snorg
 13327 | D:12     | Received a gift from Yredelemnul (3 flying skulls)
 13522 | D:12     | Found a white marble altar of Elyvilon.
 13524 | D:12     | Noticed Psyche
 13528 | D:12     | Killed Psyche
 13594 | D:12     | Received a gift from Yredelemnul (a wight)
 13714 | D:12     | Reached ***** piety under Yredelemnul
 13747 | D:12     | Found a staircase to the Orcish Mines.
 13936 | D:12     | Noticed Sonja
 13942 | D:12     | Killed Sonja
 14054 | D:12     | Noticed a tengu warrior
 14069 | D:12     | Killed a tengu warrior
 14487 | Lair:1   | Entered Level 1 of the Lair of Beasts
 14575 | Lair:1   | Reached skill level 1 in Invocations
 14580 | Lair:1   | Found a dark tunnel.
 14592 | Volcano  | Entered a volcano
 14633 | Volcano  | Received a gift from Yredelemnul (a wraith)
 14941 | Lair:1   | Noticed an eight-headed hydra
 14947 | Lair:1   | Killed an eight-headed hydra
 15255 | Lair:1   | Reached XP level 13. HP: 123/123 MP: 13/13
 15415 | Lair:1   | Received a gift from Yredelemnul (a wraith)
 17546 | Lair:3   | Received a gift from Yredelemnul (a phantasmal warrior)
 17555 | Lair:3   | Got a pair of ichor-stained boots
 17566 | Lair:3   | Identified the cursed +0 pair of boots "Sarch" {rPois MR-
                  | Str+3 Int+5} (You found it on level 3 of the Lair of
                  | Beasts)
 17588 | Lair:3   | Found a staircase to the Shoals.
 18227 | Lair:4   | Found a staircase to the Snake Pit.
 18360 | Lair:4   | Received a gift from Yredelemnul (a vampire)
 19020 | Lair:5   | Found a frozen archway.
 19039 | Lair:5   | Reached skill level 5 in Invocations
 19155 | IceCv    | Entered an ice cave
 19190 | IceCv    | Reached ****** piety under Yredelemnul
 20684 | Lair:6   | Entered Level 6 of the Lair of Beasts
 21437 | Lair:6   | Received a gift from Yredelemnul (a wraith)
 21621 | Lair:6   | Reached XP level 14. HP: 133/133 MP: 17/17
 21683 | Lair:6   | Found a staircase to the Slime Pits.
 21773 | Lair:6   | Received a gift from Yredelemnul (a phantasmal warrior)
 21939 | Lair:6   | Received a gift from Yredelemnul (a phantasmal warrior)
 22196 | Lair:6   | Received a gift from Yredelemnul (a flayed ghost)
 22511 | Lair:6   | Received a gift from Yredelemnul (a vampire)
 22725 | Lair:6   | Received a gift from Yredelemnul (a flayed ghost)
 22934 | Lair:6   | Got a clouded lead ring
 23043 | Lair:6   | Identified a scroll of acquirement
 23044 | Lair:6   | Got the amulet "Icor" {Spirit rF+ Dex+4 SInv}
 23045 | Lair:6   | Identified the ring of Grace {Wiz rElec MR++ Str-4 Int+2}
                  | (You found it on level 6 of the Lair of Beasts)
 23298 | Orc:1    | Entered Level 1 of the Orcish Mines
 23299 | Orc:1    | Noticed Harold
 23305 | Orc:1    | Killed Harold
 23305 | Orc:1    | Reached skill level 15 in Fighting
 23627 | Orc:2    | Entered Level 2 of the Orcish Mines
 23868 | Orc:2    | Received a gift from Yredelemnul (a ghoul)
 24093 | Orc:1    | Noticed Josephine
 24101 | Orc:1    | Killed Josephine
 24269 | Orc:1    | Found a runed translucent gate.
 24269 | Orc:1    | Found a runed translucent gate.
 24269 | Orc:1    | Found a runed translucent gate.
 24289 | Orc:1    | Noticed YayAnonymity's ghost (journeyman GrFi)
 24563 | Orc:1    | Killed YayAnonymity's ghost
 24769 | Orc:2    | Found a roughly hewn altar of Beogh.
 24848 | Orc:2    | Reached skill level 15 in Unarmed Combat
 24961 | Orc:2    | Found Koitagio's Magic Scroll Boutique.
 24981 | Orc:2    | Bought a scroll of blinking for 112 gold pieces
 25058 | Orc:2    | Found Qauppecs's Distillery.
 25509 | Orc:2    | Found a staircase to the Elven Halls.
 25913 | Orc:2    | Found Meaffi Pyich's Weapon Shoppe.
 26176 | Orc:2    | Noticed an orc warlord
 26199 | Orc:2    | Killed an orc warlord
 26199 | Orc:2    | Reached skill level 10 in Armour
 26199 | Orc:2    | Reached skill level 10 in Shields
 26496 | Orc:2    | Received a gift from Yredelemnul (a vampire knight)
 26507 | Orc:2    | Reached XP level 15. HP: 47/141 MP: 9/20
 26715 | Orc:2    | Found a roughly hewn altar of Beogh.
 26807 | Orc:2    | Found Agaur's Food Emporium.
 26823 | Orc:2    | Received a gift from Yredelemnul (a phantasmal warrior)
 27152 | Orc:2    | Bought a potion of might for 64 gold pieces
 27152 | Orc:2    | Bought a potion of resistance for 160 gold pieces
 27152 | Orc:2    | Bought a potion of haste for 160 gold pieces
 27152 | Orc:2    | Bought a potion of heal wounds for 80 gold pieces
 27162 | Orc:2    | Bought a scroll of enchant armour for 112 gold pieces
 27162 | Orc:2    | Bought a scroll of enchant armour for 112 gold pieces
 27162 | Orc:2    | Bought a scroll of enchant weapon for 112 gold pieces
 27162 | Orc:2    | Bought a scroll of identify for 30 gold pieces
 27162 | Orc:2    | Bought a scroll of identify for 30 gold pieces
 27360 | D:13     | Received a gift from Yredelemnul (a flayed ghost)
 27735 | D:13     | Received a gift from Yredelemnul (a vampire)
 28121 | D:13     | Received a gift from Yredelemnul (a vampire)
 28589 | D:14     | Received a gift from Yredelemnul (a skeletal warrior)
 28616 | D:14     | Found Pivohun's Armour Shoppe.
 28641 | D:14     | Bought a +1 pair of boots of running for 438 gold pieces
 28671 | D:14     | Found a gate leading to a gauntlet.
 28680 | Gauntlet | Entered a Gauntlet
 28680 | Gauntlet | Found a transporter.
 28680 | Gauntlet | Found a transporter.
 28804 | Gauntlet | Found the +3 pair of gauntlets of War {Slay+5}
 28804 | Gauntlet | Found a transporter.
 28808 | Gauntlet | Found a transporter.
 28808 | Gauntlet | Found a transporter.
 28836 | Gauntlet | Found a transporter.
 28840 | Gauntlet | Found a transporter.
 28848 | Gauntlet | Found a transporter.
 28865 | Gauntlet | Found a transporter.
 28886 | Gauntlet | Found a transporter.
 28889 | Gauntlet | Found a transporter.
 28901 | Gauntlet | Found a transporter.
 28962 | Gauntlet | Found a runed translucent door.
 29010 | Gauntlet | Received a gift from Yredelemnul (a phantasmal warrior)
 29113 | Gauntlet | Got a scorched wooden ring
 29119 | Gauntlet | Identified the ring "Xeirun" {Wiz +Fly} (You found it in a
                  | Gauntlet)
 29285 | Gauntlet | Identified the +1 ring mail of Starshine {rPois rN++ Str-4}
 29662 | D:14     | Received a gift from Yredelemnul (a profane servitor)
 29719 | D:14     | Found a gate to the Vaults.
 29905 | D:14     | Noticed Rupert
 29917 | D:14     | Killed Rupert
 29922 | D:14     | Received a gift from Yredelemnul (a ghoul)
 30148 | D:15     | Entered Level 15 of the Dungeon
 30222 | D:15     | Reached XP level 16. HP: 130/151 MP: 18/22
 30448 | D:15     | Found a hazy altar of Hepliaklqana.
 30612 | D:15     | Found a staircase to the Depths.
 30901 | Snake:1  | Entered Level 1 of the Snake Pit
 30930 | Snake:1  | Found Agroegg's Weapon Boutique.
 30998 | Snake:1  | Received a gift from Yredelemnul (a bone dragon)
 31006 | Snake:1  | Reached skill level 10 in Invocations
 31228 | Snake:1  | Upgraded the game from 0.26-a0-21-gf97e55d to
                  | 0.26-a0-23-g3ae7099
 31852 | Snake:2  | Identified the Volume of Venomous Enhancements
 32169 | Snake:2  | Received a gift from Yredelemnul (a bone dragon)
 32347 | Snake:2  | Found Doguzir's Distillery.
 32350 | Snake:2  | Bought a potion of ambrosia for 112 gold pieces
 32350 | Snake:2  | Bought a potion of heal wounds for 70 gold pieces
 32622 | Snake:2  | Bought a potion of heal wounds for 70 gold pieces
 32622 | Snake:2  | Bought 2 potions of resistance for 280 gold pieces
 32876 | Snake:3  | Found a glowing silver altar of Zin.
 32877 | Snake:3  | Noticed a nagaraja
 32877 | Snake:3  | Noticed a nagaraja
 32886 | Snake:3  | Noticed a nagaraja
 32892 | Snake:3  | Killed a nagaraja
 32892 | Snake:3  | Received a gift from Yredelemnul (a phantasmal warrior)
 32894 | Snake:3  | Noticed a nagaraja
 32918 | Snake:3  | Killed a nagaraja
 33306 | Snake:3  | Received a gift from Yredelemnul (a ghoul)
 33457 | Snake:3  | Noticed a nagaraja
 33478 | Snake:3  | Killed a nagaraja
 33626 | Snake:3  | Found a shattered altar of Ashenzari.
 33695 | Snake:3  | Killed a nagaraja
 33806 | Snake:3  | Killed a nagaraja
 33834 | Snake:3  | Reached XP level 17. HP: 160/160 MP: 24/24
 34032 | Snake:3  | Found Gemnucag's Jewellery Shoppe.
 34036 | Snake:3  | Bought a cursed -4 ring of dexterity for 30 gold pieces
 34036 | Snake:3  | Bought a cursed -4 ring of protection for 30 gold pieces
 34468 | Snake:4  | Entered Level 4 of the Snake Pit
 34589 | Snake:4  | Received a gift from Yredelemnul (a skeletal warrior)
 34589 | Snake:4  | Noticed Vashnia
 34647 | Snake:4  | Killed Vashnia
 34903 | Snake:4  | Received a gift from Yredelemnul (a ghoul)
 35192 | Snake:4  | Received a gift from Yredelemnul (a skeletal warrior)
 35637 | Snake:4  | Received a gift from Yredelemnul (a phantasmal warrior)
 35684 | Snake:4  | Received a gift from Yredelemnul (a vampire)
 36007 | Snake:4  | Received a gift from Yredelemnul (a flayed ghost)
 36051 | Snake:4  | Got a serpentine rune of Zot
 36383 | Snake:4  | Reached XP level 18. HP: 160/170 MP: 26/26
 36383 | Snake:4  | Received a gift from Yredelemnul (a profane servitor)
 36691 | Shoals:1 | Entered Level 1 of the Shoals
 36693 | Shoals:1 | Found Yludokec's General Store.
 36774 | Shoals:1 | Found Esigah's Weapon Shoppe.
 36888 | Shoals:1 | Found Uwnu's Antique Weapon Shop.
 36907 | Shoals:1 | Found Qecas's Antique Weapon Shoppe.
 37069 | Shoals:1 | Found Ejapad's Armour Shop.
 37262 | Shoals:2 | Identified the +3 pair of gloves of Old and Reckless {Int+3
                  | Dex+2 SInv}
 37262 | Shoals:2 | Noticed Nikola
 37266 | Shoals:2 | Received a gift from Yredelemnul (a flayed ghost)
 37270 | Shoals:2 | Killed Nikola
 37399 | Shoals:2 | Received a gift from Yredelemnul (a flayed ghost)
 38037 | Shoals:2 | Received a gift from Yredelemnul (a vampire knight)
 38845 | Shoals:3 | Received a gift from Yredelemnul (a phantasmal warrior)
 39087 | Shoals:3 | Found Sujy's Armour Shop.
 39427 | Shoals:4 | Entered Level 4 of the Shoals
 40005 | Shoals:4 | Got a clouded sapphire amulet
 40006 | Shoals:4 | Identified the amulet "Ner Leul" {Acrobat rC+ rN++ Dex+3}
                  | (You found it on level 4 of the Shoals)
 41323 | Shoals:4 | Got a barnacled rune of Zot
 41564 | Snake:3  | Bought the ring "Gunil" {*Drain rN+ Str+10 Int+6 Dex+2} for
                  | 1339 gold pieces
 41852 | Vaults:1 | Entered Level 1 of the Vaults
 42164 | Vaults:1 | Reached skill level 1 in Dodging
 42230 | Vaults:1 | Found Jaumez's Antique Armour Boutique.
 42236 | Vaults:1 | Bought a runed cloak for 247 gold pieces
 42275 | Vaults:1 | Received a gift from Yredelemnul (a vampire knight)
 42407 | Vaults:1 | Reached XP level 19. HP: 165/179 MP: 27/27
 42494 | Vaults:1 | Found Yholan's Antique Armour Emporium.
 42512 | Vaults:1 | Bought a faintly glowing cloak for 313 gold pieces
 42512 | Vaults:1 | Identified the +0 cloak "Wypriats" {rPois rN++ Int-2} (You
                  | bought it in a shop on level 1 of the Vaults)
 42642 | Vaults:1 | Received a gift from Yredelemnul (a vampire)
 43282 | Vaults:1 | Received a gift from Yredelemnul (a vampire)
 43431 | Vaults:1 | Found Ropush's Armour Boutique.
 44381 | Vaults:2 | Found a staircase to the Crypt.
 44483 | Vaults:2 | Received a gift from Yredelemnul (a flayed ghost)
 44549 | Vaults:2 | Got the +2 cloak "Awummiewn" {rPois Dex+4 Slay+2}
 44707 | Vaults:2 | Received a gift from Yredelemnul (a vampire knight)
 45236 | Vaults:3 | Found Zumneti's Antique Weapon Shop.
 45444 | Vaults:3 | Received a gift from Yredelemnul (a vampire)
 45646 | Vaults:3 | Noticed a tentacled monstrosity
 45651 | Vaults:3 | Killed a tentacled monstrosity
 45922 | Vaults:3 | Received a gift from Yredelemnul (a ghoul)
 46251 | Vaults:3 | Received a gift from Yredelemnul (a flayed ghost)
 46260 | Vaults:3 | Reached XP level 20. HP: 177/189 MP: 29/29
 46692 | Vaults:3 | Received a gift from Yredelemnul (a vampire knight)
 46795 | Vaults:3 | Reached skill level 5 in Dodging
 46964 | Vaults:3 | Noticed Boris
 46981 | Vaults:3 | Killed Boris
 47243 | Vaults:4 | Received a gift from Yredelemnul (a phantasmal warrior)
 47459 | Vaults:4 | Noticed Sojobo
 47487 | Vaults:4 | Killed Sojobo
 47679 | Vaults:4 | Received a gift from Yredelemnul (a vampire knight)
 47803 | Vaults:4 | Found Ewibrira's Assorted Antiques.
 47819 | Vaults:4 | Bought a potion of heal wounds for 165 gold pieces
 48583 | Depths:1 | Entered Level 1 of the Depths
 48587 | Depths:1 | Received a gift from Yredelemnul (a vampire knight)
 49223 | Depths:1 | Found a shattered altar of Ashenzari.
 49354 | Depths:1 | Found a gateway to Hell.
 49730 | Depths:2 | Noticed Asterion
 49731 | Depths:2 | Reached XP level 21. HP: 197/197 MP: 31/31
 49750 | Depths:2 | Killed Asterion
 49750 | Depths:2 | Received a gift from Yredelemnul (a vampire)
 50380 | Depths:2 | Reached skill level 15 in Invocations
 50405 | Depths:2 | Received a gift from Yredelemnul (a skeletal warrior)
 50645 | Depths:2 | Identified the Catalogue of Darkness and Lightness
 52198 | Depths:2 | Reached skill level 15 in Shields
 52198 | Depths:2 | Received a gift from Yredelemnul (a skeletal warrior)
 52335 | Depths:3 | Reached skill level 15 in Armour
 52619 | Depths:3 | Noticed Saint Roka
 52648 | Depths:3 | Killed Saint Roka
 52885 | Depths:3 | Found a one-way gate leading to the halls of Pandemonium.
 52927 | Depths:3 | Received a gift from Yredelemnul (a flayed ghost)
 53332 | Depths:3 | Reached XP level 22. HP: 205/209 MP: 20/32
 53627 | Depths:3 | Identified the +6 rapier "Ghoul's Doom" {vorpal, rElec
                  | Dex+4} (You found it on level 3 of the Depths)
 54117 | Depths:4 | Found Jibecaj's Jewellery Emporium.
 54119 | Depths:4 | Found Qybyul's Gadget Boutique.
 54120 | Depths:4 | Found Hacuerph's Jewellery Emporium.
 54165 | Depths:4 | Bought the ring of Acween {rPois rF+ SInv} for 929 gold
                  | pieces
 54255 | Depths:4 | Noticed Frederick
 54267 | Depths:4 | Killed Frederick
 54267 | Depths:4 | Enslaved Frederick
 54319 | Depths:4 | Found a magical portal.
 54328 | WizLab   | Entered Wucad Mu's Monastery
 54487 | WizLab   | Found the +9 staff of Wucad Mu {channel}
 54523 | WizLab   | Reached XP level 23. HP: 215/215 MP: 33/33
 54775 | Depths:4 | Received a gift from Yredelemnul (a phantasmal warrior)
 54901 | Depths:4 | Found a one-way gate to the infinite horrors of the Abyss.
 54937 | Depths:4 | Noticed an ancient lich
 54947 | Depths:4 | Killed an ancient lich
 55309 | Depths:4 | Identified the Tome of Fanaticism
 55583 | Depths:4 | Received a gift from Yredelemnul (a phantasmal warrior)
 55623 | Depths:4 | Noticed a golden dragon
 55629 | Depths:4 | Killed a golden dragon
 55633 | Depths:4 | Received a gift from Yredelemnul (a ghoul)
 56043 | Depths:4 | Noticed a golden dragon
 56050 | Depths:4 | Killed a golden dragon
 56212 | Depths:4 | Received a gift from Yredelemnul (a phantasmal warrior)
 56401 | Depths:5 | Entered Level 5 of the Depths
 56407 | Depths:5 | Noticed Xtahua
 56412 | Depths:5 | Paralysed by Xtahua for 7 turns
 56616 | Depths:5 | Killed Xtahua
 56616 | Depths:5 | Reached XP level 24. HP: 224/224 MP: 33/33
 56631 | Depths:5 | Noticed a caustic shrike
 56634 | Depths:5 | Noticed a caustic shrike
 56634 | Depths:5 | Noticed a caustic shrike
 56634 | Depths:5 | Noticed a caustic shrike
 56637 | Depths:5 | Killed a caustic shrike
 56642 | Depths:5 | Killed a caustic shrike
 56645 | Depths:5 | Killed a caustic shrike
 56645 | Depths:5 | Reached skill level 10 in Dodging
 56647 | Depths:5 | Killed a caustic shrike
 56768 | Depths:5 | Received a gift from Yredelemnul (a skeletal warrior)
 57029 | Depths:5 | Found a gate to the Realm of Zot.
 57042 | Depths:5 | Received a gift from Yredelemnul (a ghoul)
 57453 | Depths:5 | Found a gateway to a ziggurat.
 57508 | Depths:5 | Found a corrupted altar of Lugonu.
 57613 | Depths:4 | Noticed a caustic shrike
 57619 | Depths:4 | Killed a caustic shrike
 57626 | Depths:4 | Noticed Boris
 57637 | Depths:4 | Killed Boris
 58804 | Vaults:1 | Bought a runed hat for 231 gold pieces
 59041 | Elf:1    | Entered Level 1 of the Elven Halls
 59161 | Elf:1    | Found Zynlocvus's Weapon Emporium.
 59161 | Elf:1    | Found Fauromp's Assorted Antiques.
 59162 | Elf:1    | Found Facw's Food Emporium.
 59166 | Elf:1    | Found Jorowogi's Book Shoppe.
 59454 | Elf:1    | Identified the Disquisition on Creative Conjuration
 59565 | Elf:1    | Received a gift from Yredelemnul (a flayed ghost)
 59715 | Elf:1    | Noticed Louise
 59723 | Elf:1    | Killed Louise
 60316 | Elf:2    | Received a gift from Yredelemnul (a vampire knight)
 60358 | Elf:2    | Received a gift from Yredelemnul (a skeletal warrior)
 60542 | Elf:2    | Reached XP level 25. HP: 215/234 MP: 33/33
 60724 | Elf:2    | Found Xuifao's Gadget Shoppe.
 60943 | Elf:2    | Found a huge runed translucent gate.
 60945 | Elf:2    | Found a huge runed translucent gate.
 60945 | Elf:2    | Found a huge runed translucent gate.
 60946 | Elf:2    | Found a huge runed translucent gate.
 60946 | Elf:2    | Found a huge runed translucent gate.
 61149 | Elf:2    | Received a gift from Yredelemnul (a flayed ghost)
 61370 | Elf:2    | Received a gift from Yredelemnul (a vampire)
 61543 | Elf:3    | Entered Level 3 of the Elven Halls
 61582 | Elf:3    | Received a gift from Yredelemnul (a ghoul)
 61846 | Elf:3    | Received a gift from Yredelemnul (a vampire knight)
 62079 | Elf:3    | Found Cedai's Distillery.
 62092 | Elf:3    | Bought a potion of heal wounds for 90 gold pieces
 62092 | Elf:3    | Bought a potion of haste for 180 gold pieces
 62092 | Elf:3    | Bought a potion of heal wounds for 90 gold pieces
 62092 | Elf:3    | Bought a potion of heal wounds for 90 gold pieces
 62157 | Elf:3    | Received a gift from Yredelemnul (a skeletal warrior)
 62170 | Elf:3    | Reached skill level 5 in Throwing
 62197 | Elf:3    | Received a gift from Yredelemnul (a ghoul)
 62447 | Elf:3    | Found the +15 Maxwell's patent armour {-Cast -Tele rElec
                  | MR+ rCorr}
 62634 | Elf:3    | Identified the Collected Works on Feathery Fire
 63518 | Vaults:5 | Entered Level 5 of the Vaults
 63608 | Vaults:4 | Received a gift from Yredelemnul (a flayed ghost)
 64100 | Vaults:4 | Received a gift from Yredelemnul (a flayed ghost)
 64269 | Vaults:5 | Received a gift from Yredelemnul (a ghoul)
 64271 | Vaults:5 | Reached XP level 26. HP: 246/246 MP: 27/33
 64280 | Vaults:5 | Your ally Frederick died
 64286 | Vaults:5 | Received a gift from Yredelemnul (a bone dragon)
 64412 | Vaults:5 | Received a gift from Yredelemnul (a bone dragon)
 64644 | Vaults:5 | Noticed an ancient lich
 64653 | Vaults:5 | Killed an ancient lich
 65229 | Vaults:5 | Got a silver rune of Zot
 65450 | Vaults:5 | Found the +6 arbalest "Damnation" {damnation}
 65994 | Zot:1    | Entered Level 1 of the Realm of Zot
 66138 | Zot:1    | Noticed an orb of fire
 66158 | Zot:1    | Killed an orb of fire
 67201 | Zot:2    | Received a gift from Yredelemnul (a bone dragon)
 67204 | Zot:2    | Reached XP level 27. HP: 233/254 MP: 10/33
 68855 | Zot:3    | Received a gift from Yredelemnul (a phantasmal warrior)
 69844 | Zot:4    | Received a gift from Yredelemnul (a vampire knight)
 70410 | Zot:5    | Entered Level 5 of the Realm of Zot
 70479 | Zot:5    | Received a gift from Yredelemnul (a ghoul)
 71246 | Zot:5    | Noticed an orb of fire
 71247 | Zot:5    | Noticed an ancient lich
 71249 | Zot:5    | Noticed an ancient lich
 71254 | Zot:5    | Noticed an orb of fire
 71261 | Zot:5    | Killed an orb of fire
 71265 | Zot:5    | Noticed an ancient lich
 71282 | Zot:5    | Killed from afar by an ancient lich

Illustrated notes

Levels and vault maps discovered:
D:1:      dpeg_arrival_rhombi, layout_basic, chequers_serial_rivers_marsh
D:2:      layout_rooms, nicolae_ru_great_annihilating_truth
D:3:      layout_rooms
D:4:      layout_gridville, first_ration, uniq_eustachio, uniq_edmund
D:5:      layout_basic, grunt_temple_overflow_open, serial_co_window_serial,
          co_window_paths_a, co_window_of_opportunity_a, co_window_paths_a,
          co_window_paths_b, co_window_corner_a, co_window_2corner,
          co_window_of_opportunity_c, co_window_unsneaky_path_e,
          co_window_corner_ca, co_window_unsneaky_path_e, co_window_sun,
          glass_columns_a, glass_columns_a, glass_columns_a
D:6:      layout_rooms, nemelex_altar_shiori, minmay_temple_entry_fiery,
          trog_butcher_becter, uniq_crazy_yiuf_cottage
D:7:      layout_loops_ring, lemuel_round_altar,
          gammafunk_temple_overflow_forgotten, nicolae_qazlal_eye_of_the_storm
D:8:      layout_cave_pools, grunt_lair_entry_orc_guard_hut, uniq_pikel,
          uniq_erica, uniq_maggie
D:9:      kennysheep_kobold_camp, layout_loops_ring
D:10:     layout_basic
D:11:     layout_basic, grunt_ogre_cave, minmay_misc_feat_nine_boxes,
          nooodl_orcs_dogs, uniq_urug
D:12:     layout_cave_pods, orc_0_dummy, elyvilon_altar_5, uniq_sonja,
          uniq_snorg, uniq_psyche
D:13:     layout_basic, minmay_three_doors
D:14:     layout_rooms, grunt_vaults_entry_tiered, serial_shops, shop,
          chequers_serial_rivers_micro_d, gauntlet_entry_generic, uniq_rupert
D:15:     hangedman_depths_entry_civil_slaughter, layout_cave_pools,
          basic_altar, serial_column_ruins, column_ruins_square_medium,
          column_ruins_grid_1, column_ruins_corridor_straight,
          column_ruins_grid_1, column_ruins_open_medium, column_ruins_open_tiny,
          column_ruins_open_tiny, hangedman_abyss_or_decor_stabs
Temple:   regret_index_temple_generic_petals
Lair:1:   layout_regular_city, enter_volcano_1, hibernation_bobbens
Lair:2:   layout_cellular_growth, serial_rivers, chequers_serial_rivers_micro_c,
          chequers_serial_rivers_micro_a, chequers_serial_rivers_small_a,
          chequers_serial_rivers_small_b, chequers_serial_rivers_micro_b,
          infiniplex_staircase_pool_2
Lair:3:   layout_regular_city, minmay_shoals_entry_lonely_mermaid
Lair:4:   layout_misc_corridors, minmay_snake_entry_six_corridors
Lair:5:   layout_hall_layers, portal_ice_cave_entry_imps,
          chequers_serial_rivers_room_a, beast_lair_carwin_1
Lair:6:   guppyfry_lair_end_dragon, layout_regular_city,
          hangedman_lair_caniforms_friends, minmay_slime_entry_pillars
Shoals:1: layout_shoals, serial_shops, nicolae_shop_waterfront, shop_fountains,
          shop, shop, shop, nicolae_shoals_stone_sculpture_thing,
          nicolae_shoals_dead_sea_scrolls
Shoals:2: layout_shoals, st_sunken_huts, uniq_nikola
Shoals:3: layout_shoals, serial_shops, nicolae_shop_trees
Shoals:4: shoals_end_hangedman, layout_shoals
Snake:1:  nrook_guardian_serpent_snake_passage, layout_misc_corridors,
          serial_shops, nicolae_shop_trees, nrook_guardian_serpent_ordinary
Snake:2:  layout_honeycomb, serial_shops, nicolae_shop_behind_doors
Snake:3:  layout_basic, st_stairs_11, hangedman_feature_mirror,
          minmay_shop_enchanted_jewellery
Snake:4:  snake_pit_salamanders_mu, layout_grid_shapes, uniq_vashnia
Orc:1:    layout_caves, ebering_ghost_rock_garden, uniq_harold, uniq_josephine
Orc:2:    pubby_orc_utopia
Elf:1:    layout_onion_city, minmay_elf_sorcery, minmay_shoptagon, uniq_louise
Elf:2:    layout_geoelf_grid, serial_shops, shop, elves_outpost_lemuel
Elf:3:    minmay_elf_hall_spiked, layout_gridlike, serial_shops, shop_statue,
          guppyfry_elf_garden, grunt_megastairs_1
Vaults:1: vaults_room_grid, v_pattern_1, nicolae_vaults_statue_guard,
          v_alt_pattern_5, ontoclasm_vaults_pinch, hangedman_vaults_capsules,
          v_misc_27, vaults_dpeg_diagonal, vaults_room_grunt_arrival_ludios,
          grunt_vaults_funnel, v_misc_15, ontoclasm_vaults_fault,
          layout_vaults_omnigrid, serial_shops, shop,
          nicolae_shop_competitors_out_of_business, shop
Vaults:2: v_misc_27, v_misc_15, nicolae_vaults_alarming,
          nicolae_vaults_three_branches, v_misc_18, v_misc_16,
          minmay_crypt_entry_vampire_xt, ontoclasm_vaults_tryst, v_rooms_4,
          v_misc_25, vaults_room_semicircle, nicolae_vaults_mini_display_case,
          nicolae_vaults_little_ls, vaults_dpeg_ring, layout_vaults_ring
Vaults:3: hangedman_vaults_stagger, nicolae_vaults_quartermaster,
          grunt_vaults_hallway_short, v_misc_12, v_misc_32,
          hangedman_vaults_impose, hangedman_vaults_pinch,
          nicolae_vaults_little_squares_4, ontoclasm_vaults_ligature,
          grunt_vaults_diagonal, vaults_room_grunt_arrival_checkpoint,
          nicolae_vaults_border_crossing, vaults_mumra_chevron_long,
          nicolae_vaults_little_squares_3, ontoclasm_vaults_twist,
          layout_vaults_omnicross, serial_shops, shop, uniq_boris
Vaults:4: vaults_room_fancy_cross, vaults_room_corners, v_misc_16,
          hangedman_vaults_restitches, v_misc_29, nicolae_vaults_what_the_h,
          vaults_room_semicircle, ontoclasm_vaults_hangar,
          nicolae_vaults_yaktaur_gun_rack, vaults_mumra_minichess, v_misc_17,
          vaults_dpeg_encased_lava, layout_vaults_maze_snakey, serial_shops,
          shop_statue, uniq_sojobo, uniq_margery
Vaults:5: serial_shops
Depths:1: layout_cave_pools, grunt_hell_entry_dis_mu, minmay_misc_feat_square,
          hangedman_decor_opposing, minmay_liquid_box, grunt_ministairs_3,
          nicolae_ashenzari_panopticon
Depths:2: minmay_quarter_circles, layout_basic, hangedman_abyss_or_decor_slice,
          hell_entry, infiniplex_staircase_zigzag_5, uniq_asterion
Depths:3: cheibrodos_tormentor_scu, layout_cave_shapes, rand_demon_pan_entry_8,
          hangedman_coc_ice_floe, uniq_saint_roka
Depths:4: minmay_nested_s, layout_cave_pools, hell_entry, special_room
          [special_room_morgue], mu_enter_wizlab_5, hangedman_abyss_entry_splay,
          minivault_1, infiniplex_staircase_pillars_3a, minmay_shop_grove,
          uniq_frederick
Depths:5: grunt_zot_entry_funnels, layout_basic, enter_ziggurat_f,
          abyss_entry_flame_altar, hell_entry, grunt_decor_arrowhead,
          uniq_xtahua
Zot:1:    layout_basic, hangedman_zot_decor_scrapings
Zot:2:    layout_onion
Zot:3:    layout_cathedral_of_symmetry, guppyfry_library_mini
Zot:4:    layout_onion_interference
Zot:5:    layout_twisted_circle

Skill      XL: |  1  2  3  4  5  6  7  8  9 10 11 12 13 14 15 16 17 18 19 20 21 22 23 24 25 26 27 |
---------------+----------------------------------------------------------------------------------+-----
Unarmed Combat | 3 4 5 6 7 9 10 12 13 14 15 16 17 18 19 20 21 22 23 | 23.7
Fighting       | 4 5 6 7 9 11 12 13 14 15 16 17 18 19 20 21 22 23 | 23.8
Armour         | 4 6 7 8 10 11 12 13 14 15 16 17 18 19 | 19.2
Shields        | 4 6 7 9 10 11 12 13 14 15 16 17 18 19 | 19.2
Invocations    | 2 5 8 9 11 12 13 14 15 | 15.0
Dodging        | 1 4 6 8 9 10 | 10.0
Throwing       | 4 6 8 |  8.4

Action                   |  1- 3 |  4- 6 |  7- 9 | 10-12 | 13-15 | 16-18 | 19-21 | 22-24 | 25-27 || total
-------------------------+-------+-------+-------+-------+-------+-------+-------+-------+-------++-------
Melee: Unarmed           |   102 |   162 |   359 |   845 |  1328 |  1035 |  1306 |   833 |  1281 ||  7251
Throw: Boomerang         |       |       |       |     1 |       |     3 |       |       |       ||     4
Invok: Recall Undead Sla |       |       |       |       |       |     1 |       |     1 |     4 ||     6
       Drain Life        |       |       |       |       |       |       |    11 |     6 |    24 ||    41
       Injury Mirror     |       |       |       |       |       |       |     1 |       |       ||     1
       Enslave Soul      |       |       |       |       |       |       |       |     1 |       ||     1
Evoke: Wand              |       |       |       |     1 |       |       |     1 |     2 |     1 ||     5
  Use: Scroll            |     3 |     3 |     4 |    13 |    15 |     6 |     5 |     9 |    10 ||    68
       Potion            |       |       |       |     4 |     6 |     3 |     3 |     1 |     7 ||    24
 Stab: Invisible         |     2 |       |       |       |       |       |       |       |       ||     2
       Paralysed         |       |     2 |       |       |     1 |       |     7 |       |     2 ||    12
       Distracted        |       |       |       |     2 |    14 |    12 |    16 |    16 |    20 ||    80
  Eat: Chunk             |     3 |     4 |    19 |    30 |    57 |    39 |    39 |    47 |    35 ||   273
       Ration            |       |       |       |     1 |       |       |       |     2 |     2 ||     5
Armor: Scale mail        |    29 |    62 |       |       |       |       |       |       |       ||    91
       Chain mail        |       |     1 |   166 |   309 |       |       |       |       |       ||   476
       Plate armour      |       |       |       |   157 |   486 |   324 |   292 |   166 |       ||  1425
       Gold dragon scale |       |       |       |       |       |       |       |   123 |   664 ||   787
Dodge: Dodged            |    29 |    37 |    65 |   223 |   372 |   229 |   154 |   146 |   361 ||  1616
Block: Kite shield       |    29 |    60 |   143 |   515 |   747 |   484 |       |       |       ||  1978
       Reflection        |       |       |       |       |       |   151 |   104 |    53 |    64 ||   372
       Tower shield      |       |       |       |       |       |   468 |  1220 |   868 |  1752 ||  4308

Table legend:
 A = Non-vault XP
 B = Vault XP
 C = Vault XP percentage of total XP
 D = Non-vault monster count
 E = Vault monster count
 F = Vault count percentage of total count
                 A         B        C        D         E       F
            +---------+---------+-------+---------+---------+-------
      Total |  749409 |  599706 |  44.5 |    1496 |     952 |  38.9
            +---------+---------+-------+---------+---------+-------
        D:1 |      31 |       0 |   0.0 |      14 |       0 |   0.0
        D:2 |     109 |       7 |   6.0 |      27 |       4 |  12.9
        D:3 |     224 |     173 |  43.6 |      16 |       1 |   5.9
        D:4 |       0 |     196 | 100.0 |       0 |       1 | 100.0
        D:5 |    1390 |       0 |   0.0 |      29 |       0 |   0.0
        D:6 |    1023 |    1225 |  54.5 |      22 |       6 |  21.4
        D:7 |    1727 |     356 |  17.1 |      41 |       3 |   6.8
        D:8 |     698 |    1148 |  62.2 |      14 |       3 |  17.6
        D:9 |    2591 |     122 |   4.5 |      33 |      21 |  38.9
       D:10 |    3561 |     847 |  19.2 |      26 |       1 |   3.7
       D:11 |    4970 |    1084 |  17.9 |      53 |      13 |  19.7
       D:12 |    3550 |    2269 |  39.0 |      41 |       3 |   6.8
       D:13 |    6616 |    1246 |  15.8 |      39 |       3 |   7.1
       D:14 |   13111 |    8303 |  38.8 |      46 |      26 |  36.1
       D:15 |    4041 |    3254 |  44.6 |      15 |       6 |  28.6
     Lair:1 |    3288 |     679 |  17.1 |      14 |       1 |   6.7
     Lair:2 |    2801 |       0 |   0.0 |      16 |       0 |   0.0
     Lair:3 |    2239 |     409 |  15.4 |      11 |       1 |   8.3
     Lair:4 |    4564 |     331 |   6.8 |      28 |       7 |  20.0
     Lair:5 |    1128 |    1472 |  56.6 |       3 |      18 |  85.7
     Lair:6 |    5450 |   10161 |  65.1 |      25 |      77 |  75.5
   Shoals:1 |    5430 |       0 |   0.0 |      14 |       0 |   0.0
   Shoals:2 |   14989 |    6488 |  30.2 |      46 |      10 |  17.9
   Shoals:3 |   10973 |       0 |   0.0 |      26 |       0 |   0.0
   Shoals:4 |   11554 |   11541 |  50.0 |      35 |      28 |  44.4
    Snake:1 |   11129 |    1110 |   9.1 |      25 |       3 |  10.7
    Snake:2 |   13731 |       0 |   0.0 |      31 |       0 |   0.0
    Snake:3 |   20599 |    4197 |  16.9 |      43 |       7 |  14.0
    Snake:4 |   18425 |   42900 |  70.0 |      47 |      74 |  61.2
      Orc:1 |    1213 |    3404 |  73.7 |      18 |       7 |  28.0
      Orc:2 |       0 |   18710 | 100.0 |       0 |     138 | 100.0
      Elf:1 |   11898 |    8558 |  41.8 |      25 |      12 |  32.4
      Elf:2 |   19986 |   25083 |  55.7 |      39 |      39 |  50.0
      Elf:3 |   16909 |   37868 |  69.1 |      41 |      36 |  46.8
   Vaults:1 |   17828 |    9826 |  35.5 |      41 |      26 |  38.8
   Vaults:2 |   19180 |    9489 |  33.1 |      34 |      18 |  34.6
   Vaults:3 |   28835 |   32853 |  53.3 |      52 |      30 |  36.6
   Vaults:4 |   18311 |   52729 |  74.2 |      38 |      56 |  59.6
   Vaults:5 |   19190 |   85726 |  81.7 |      31 |      71 |  69.6
   Depths:1 |   23442 |    2275 |   8.8 |      46 |       3 |   6.1
   Depths:2 |   43658 |   28812 |  39.8 |      64 |      23 |  26.4
   Depths:3 |   30767 |   22138 |  41.8 |      29 |      29 |  50.0
   Depths:4 |   33180 |   79010 |  70.4 |      42 |      76 |  64.4
   Depths:5 |   54565 |   24091 |  30.6 |      53 |      17 |  24.3
      Zot:1 |   47452 |       0 |   0.0 |      31 |       0 |   0.0
      Zot:2 |   50604 |       0 |   0.0 |      43 |       0 |   0.0
      Zot:3 |   60076 |   12988 |  17.8 |      39 |       8 |  17.0
      Zot:4 |   55687 |       0 |   0.0 |      31 |       0 |   0.0
      Zot:5 |   26686 |   31270 |  54.0 |      19 |      10 |  34.5
      IceCv |       0 |    3224 | 100.0 |       0 |      11 | 100.0
    Volcano |       0 |    2339 | 100.0 |       0 |       9 | 100.0
     WizLab |       0 |    1143 | 100.0 |       0 |       1 | 100.0
   Gauntlet |       0 |    8652 | 100.0 |       0 |      15 | 100.0
            +---------+---------+-------+---------+---------+-------
